 Dungeon Crawl Stone Soup version 0.18.1-8-gdd0e5ea (webtiles) character file.

274 mrath the Chucker (level 6, -2/61 HPs)
             Began as a Troll Hunter on June 7, 2016.
             Killed by nerve-wracking pain
             ... invoked by Jessica
              (6 damage)
             ... on level 3 of the Dungeon.
             The game lasted 00:10:25 (1586 turns).

mrath the Chucker (Troll Hunter)                    Turns: 1586, Time: 00:10:26

Health: -2/61      AC:  5    Str: 21    XL:     6   Next: 3%
Magic:  5/5        EV: 10    Int:  7    God:
Gold:   97         SH:  0    Dex: 12    Spells: 0 memorised, 5 levels left

rFire  . . .     SeeInvis .       - Unarmed
rCold  . . .     Gourm    +     b - +0 robe
rNeg   . . .     Faith    .     (no shield)
rPois  .         Spirit   .     (helmet restricted)
rElec  .         Dismiss  .     (no cloak)
rCorr  .         Reflect  .     (gloves unavailable)
SustAt .         Harm     .     (boots unavailable)
MR     .....                    (no amulet)
Stlth  +.........               (no ring)
                                (no ring)

@: not resistant to hostile enchantments, very unstealthy
A: unfitting armour, claws 3, fast metabolism 3, gourmand, regeneration 2,
shaggy fur 1, tough skin 2
a: no special abilities


You were on level 3 of the Dungeon.
You were completely stuffed.

You visited 1 branch of the dungeon, and saw 3 of its levels.

You collected 97 gold pieces.

Inventory:

Hand Weapons
 a - a +0 short sword
 s - a +0 mace
Missiles
 c - 2 large rocks (quivered)
 d - 2 throwing nets
 j - 101 stones
Armour
 b - a +0 robe (worn)
Wands
 x - a wand of paralysis (9/24)
Scrolls
 e - 4 scrolls of identify
 g - 5 scrolls of fog
 m - a scroll of remove curse {unknown}
 p - a scroll of enchant weapon {unknown}
 q - a scroll of recharging {unknown}
 v - a scroll of random uselessness {unknown}
 y - a scroll of immolation {unknown}
Potions
 h - 5 potions of curing
 i - 2 potions of invisibility {unknown}
 n - 2 potions of mutation {unknown}
 r - 2 potions of heal wounds {unknown}
 w - 2 potions of degeneration {unknown}
Comestibles
 f - 4 bread rations
 l - 2 meat rations
 o - 5 fruits
 t - 2 chunks of flesh
 u - a slice of pizza


   Skills:
 * Level 3.4 Fighting
 + Level 4.3 Throwing
 + Level 2.8 Dodging
 - Level 0.4 Stealth
 + Level 2.2 Unarmed Combat


You had 5 spell levels left.
You didn't know any spells.

Dungeon Overview and Level Annotations

Branches:
Dungeon (3/15)

Altars:

Annotations:
D:3 Jessica


Innate Abilities, Weirdness & Mutations

You are too large for most types of armour.
You have claws for hands.
Your metabolism is lightning-fast.
You like to eat raw meat.
You heal very quickly.
You are covered in fur (AC +1).
You have very tough skin (AC +2).


Message History

* * * LOW HITPOINT WARNING * * *
You claw Nanban's ghost!
Nanban's ghost is almost destroyed.
Nanban's ghost misses you.
You scratch Nanban's ghost but do no damage.
Nanban's ghost is almost destroyed.
You scratch Nanban's ghost.
You destroy Nanban's ghost!
You have reached level 6!
Your experience leads to an increase in your attributes!
Increase (S)trength, (I)ntelligence, or (D)exterity?
You feel agile.
You feel stronger.
Throwing (i - inventory. (,) - cycle):
c - 3 large rocks (quivered)
Press: ? - help, Shift-Dir - straight line, f - Jessica
Aim: Jessica, wielding a club and wearing a robe You throw a large rock.
The large rock hits Jessica.
Jessica is heavily wounded.
Jessica casts a spell at you. Pain shoots through your body!
You die...

******,,,,,*,,,*
***.#.# *
,,,,,,,,,,,*,,,*
###.#.# *
****,*,,,,,*,,,*
#.....###*
*,*,,,,,*,,,*
#######........,
*,*,,,,,#,,,*
#.............o,
*,*,,,,,#.,,*
#.#####..#####**
*,*,,,,,#..,* #.#
#..######*
*,*,,,..#...###.#
#........,
*,,,,,.....(@@..#
#<###.###,
******###...###.#
#.#**,..*, #..,*
#.# #..,,,,..,
#.,,* ###
#.##****#, #****
#.#*,,,**,
#.#,,,,,*,
#.#,,,,,,,
#.#,,,,,*,
*,**,,,**,


You could see Jessica.

Vanquished Creatures
  The ghost of Nanban the Shield-Bearer, an amateur DsFi (D:3)
  A giant frog (D:3)
  Ijyb (D:2)
  Terence (D:2)
  2 adders (D:2)
  2 worms (D:2)
  A dart slug (D:2)
  A giant gecko (D:1)
  7 hobgoblins
  5 jackals (D:2)
  4 kobolds
  2 quokkas (D:3)
  5 bats
  3 giant newts
  7 goblins
  11 rats
54 creatures vanquished.

Notes
Turn   | Place    | Note
--------------------------------------------------------------
     0 | D:1      | mrath the Troll Hunter began the quest for the Orb.
     0 | D:1      | Reached XP level 1. HP: 19/19 MP: 0/0
   190 | D:1      | Reached XP level 2. HP: 28/28 MP: 1/1
   789 | D:2      | Found a faded altar to an unknown god.
   902 | D:2      | Reached XP level 3. HP: 35/35 MP: 2/2
   904 | D:2      | Reached skill level 1 in Unarmed Combat
  1183 | D:2      | Noticed Ijyb
  1186 | D:2      | Paralysed by Ijyb for 6 turns
  1202 | D:2      | Killed Ijyb
  1202 | D:2      | Reached skill level 4 in Throwing
  1202 | D:2      | Reached XP level 4. HP: 31/44 MP: 3/3
  1230 | D:2      | Noticed Terence
  1424 | D:2      | Killed Terence
  1557 | D:3      | Noticed a giant frog
  1560 | D:3      | Noticed Jessica
  1562 | D:3      | Noticed Nanban's ghost (amateur DsFi)
  1563 | D:3      | Killed a giant frog
  1563 | D:3      | Reached XP level 5. HP: 48/53 MP: 4/4
  1582 | D:3      | HP: 1/53 [Nanban's ghost (16)]
  1585 | D:3      | Killed Nanban's ghost
  1585 | D:3      | Reached XP level 6. HP: 3/61 MP: 5/5
  1586 | D:3      | Killed from afar by Jessica

Skill      XL: |  1  2  3  4 |
---------------+-------------+-----
Fighting       | 2 3 |  3.4
Dodging        | 2 |  2.8
Unarmed Combat | 1 2 |  2.2
Throwing       | 4 |  4.3
Stealth        | |  0.4

Action                   |  1- 3 |  4- 6 || total
-------------------------+-------+-------++-------
Melee: Short sword       |    12 |       ||    12
       Unarmed           |    97 |    48 ||   145
       Punch             |       |     2 ||     2
Throw: Large rock        |     3 |     5 ||     8
  Use: Scroll            |       |     3 ||     3
  Eat: Chunk             |    16 |     4 ||    20
Armor: Robe              |    44 |    11 ||    55
Dodge: Dodged            |    57 |    23 ||    80
